 Dungeon Crawl Stone Soup version 0.30-a0-50-gb2d611f6b1 (webtiles) character file.

Game seed: 17807003687713896253

3435 gruber the Reanimator (level 9, -5/68 HPs)
             Began as a Demonspawn Necromancer on Sept 4, 2022.
             Shot with an arrow by a centaur (11 damage)
             ... on level 7 of the Dungeon.
             The game lasted 00:12:58 (8110 turns).

gruber the Reanimator (Demonspawn Necromancer)      Turns: 8110, Time: 00:12:59

Health: -5/68      AC:  9    Str:  8    XL:     9   Next: 77%
Magic:  11/19      EV: 13    Int: 20    God:
Gold:   388        SH:  0    Dex: 15    Spells: 16/22 levels left

rFire   + . .      SeeInvis .    f - +5 whip
rCold   . . .      Faith    .    (no shield)
rNeg    . . .      Spirit   .    r - +2 robe {rF+}
rPois   .          Reflect  .    h - +0 helmet
rElec   .          Harm     .    (no cloak)
rCorr   .          Rampage  .    (no gloves)
Will    .....                    D - +0 pair of boots
Stlth   ++........               (no amulet)
HPRegen 0.21/turn                g - ring of flight
MPRegen 0.32/turn                l - ring of wizardry

@: flying
A: claws 1, yellow scales 2, ignite blood 2, magic regeneration
a: no special abilities


You were on level 7 of the Dungeon.
You visited 1 branch of the dungeon, and saw 7 of its levels.
You also visited: Ossuary.

You collected 388 gold pieces.

Inventory:

Hand Weapons
 e - a +1 dagger of pain
 f - a +5 whip (weapon)
 t - a +4 halberd of pain
Missiles
 y - a throwing net
Armour
 h - a +0 helmet (worn)
 r - a +2 robe of fire resistance (worn)
 D - a +0 pair of boots (worn)
Jewellery
 g - a ring of flight (left claw)
 l - a ring of wizardry (right claw)
 u - a ring of see invisible
Wands
 w - a wand of flame (22)
 I - a wand of paralysis (9)
Scrolls
 d - 13 scrolls of identify {unknown}
 j - a scroll of torment {unknown}
 n - a scroll of amnesia {unknown}
 o - a scroll of poison {unknown}
 p - 7 scrolls of fog {unknown}
 s - 2 scrolls of vulnerability {unknown}
 v - 3 scrolls of teleportation {unknown}
 x - a scroll of magic mapping {unknown}
 A - a scroll of enchant armour {unknown}
 B - 5 scrolls of fear {unknown}
 E - a scroll of summoning {unknown}
 F - 2 scrolls of acquirement {unknown}
 K - a scroll of immolation {unknown}
Potions
 a - a potion of degeneration {unknown}
 b - 3 potions of magic
 c - a potion of resistance
 i - 3 potions of curing
 k - 4 potions of lignification {unknown}
 m - 2 potions of heal wounds {unknown}
 q - 3 potions of mutation {unknown}
 z - 2 potions of might {unknown}
 C - 2 potions of invisibility {unknown}
 G - 2 potions of flight {unknown}
 H - a potion of brilliance {unknown}
 J - a potion of ambrosia {unknown}


   Skills:
 - Level 5.5 Fighting
 - Level 3.0 Armour
 - Level 3.0 Dodging
 - Level 1.7 Stealth
 - Level 7.1 Spellcasting
 * Level 11.0 Necromancy
 - Level 0.2 Evocations


You had 16 spell levels left.
You knew the following spells:

 Your Spells              Type           Power      Damage    Failure   Level
a - Necrotise             Necr           100%       1d9       1%          1
b - Sublimation of Blood  Necr           50%        N/A       1%          2
c - Vampiric Draining     Necr           50%        2d9       1%          3

Your spell library contained the following spells:

 Spells                   Type           Power      Damage    Failure   Level
 Animate Dead             Necr           50%        N/A       1%          4
 Agony                    Necr           50%        N/A       1%          5
 Wereblood                Tmut           7%         N/A       6%          2
 Summon Hydra             Summ           3%         N/A       100%        7


Dungeon Overview and Level Annotations

Branches:
Dungeon (7/15)            Ossuary (visited)
 Temple: D:4-7

Altars:
Okawaru

Shops:
D:3 :   D:5 *

Annotations:
D:5 3 runed translucent doors, QuickerDeath's ghost, novice HuSu


Innate Abilities, Weirdness & Mutations

You have sharp fingernails.
You are mostly covered in yellow scales. (AC +3)
Your demonic aura often causes spilled blood to erupt in flames.
You regenerate magic rapidly.


Message History

The centaur shoots an arrow.
The arrow hits you.
* * * LOW HITPOINT WARNING * * *
The centaur shoots an arrow.
The arrow closely misses you.
You feel better.
The gnoll sergeant hits you from afar with a +0 trident.
* * * LOW HITPOINT WARNING * * *
Unknown command.
Unknown command.
The gnoll sergeant closely misses you.
Casting: Necrotise (safe; 1% risk of failure)
Confirm with . or Enter, or press ? or * to list all spells.
Aiming: Vampiric Draining (safe; 1% risk of failure)
Press: ? - help, Shift-Dir - straight line, f - gnoll sergeant
Aim: a gnoll sergeant, wielding a +0 trident and wearing a +0 scale mail You draw life force from the gnoll sergeant!
You feel life coursing into your body! The gnoll sergeant barely misses you.
Unknown command.
Unknown command.
Casting: Vampiric Draining (safe; 1% risk of failure)
Confirm with . or Enter, or press ? or * to list all spells.
Aiming: Vampiric Draining (safe; 1% risk of failure)
Press: ? - help, Shift-Dir - straight line, f/p - gnoll sergeant
Aim: a gnoll sergeant, wielding a +0 trident and wearing a +0 scale mail (heavily wounded)
You draw life force from the gnoll sergeant!
You feel life coursing into your body.
The centaur shoots an arrow.
The arrow hits you but does no damage.
The gnoll sergeant hits you with a +0 trident!
* * * LOW HITPOINT WARNING * * *
A kobold comes into view. It is wielding a +0 whip.
Unknown command.
Casting: Vampiric Draining (safe; 1% risk of failure)
Confirm with . or Enter, or press ? or * to list all spells.
Aiming: Vampiric Draining (safe; 1% risk of failure)
Press: ? - help, Shift-Dir - straight line, f/p - gnoll sergeant
Aim: a gnoll sergeant, wielding a +0 trident and wearing a +0 scale mail (almost dead)
You draw life force from the gnoll sergeant!
You kill the gnoll sergeant!
You feel life coursing into your body.
The centaur shoots an arrow.
The arrow hits you!
You die...

#.........##
##.K.......#
#.........#
##......###
....##
#.....##
.....#.
##..###
K......
##gg#
K.....#
#c)##
..K....
#..@#
.).....
##°☼##
##.......
#...#
###........
##..##
##...#....).
#...###...##
.....
#...##...##
...#
##.....###
.## #....##
# #.....###


You could see a centaur, 2 gnolls and a kobold.

Vanquished Creatures
  Pikel (D:4)
  2 kobold demonologists (D:6)
  Sigmund (D:3)
  2 steam dragons (D:6)
  Eustachio (D:4)
  A water moccasin (D:6)
  An ogre (D:4)
  4 black bears
  An ice beast (D:4)
  2 lemures (D:4)
  A centaur (D:6)
  2 phantoms
  An elf zombie (Ossuary)
  A bullfrog (D:6)
  A gnoll sergeant (D:7)
  A necrophage (D:5)
  4 wights
  2 howler monkeys
  A hound (D:6)
  A human zombie (Ossuary)
  Terence (D:3)
  3 iguanas
  4 mummies (Ossuary)
  7 gnolls
  8 adders
  2 shadow imps (D:6)
  2 white imps
  2 ufetubi
  An adder zombie (Ossuary)
  5 worms
  A dart slug (D:3)
  17 orcs
  7 endoplasms
  3 giant cockroaches
  4 hobgoblins
  2 jackals (D:4)
  14 kobolds
  3 quokkas
  6 ball pythons
  6 bats
  4 frilled lizards
  3 goblins
  2 goblin zombies (Ossuary)
  3 hobgoblin zombies (Ossuary)
  A jackal zombie (Ossuary)
  3 orc zombies (Ossuary)
  4 rats
149 creatures vanquished.

Vanquished Creatures (collateral kills)
  A hound (D:4)
  An adder (D:2)
  A dart slug (D:4)
  An orc (D:3)
  A hobgoblin (D:3)
  A frilled lizard (D:3)
6 creatures vanquished.

Vanquished Creatures (others)
  5 toadstools (D:1)
5 creatures vanquished.

Grand Total: 160 creatures vanquished

Notes
Turn   | Place    | Note
-------+----------+-------------------------------------------
     0 | D:1      | gruber the Demonspawn Necromancer began the quest for the
                  | Orb.
     0 | D:1      | Reached XP level 1. HP: 13/13 MP: 3/3
   531 | D:1      | Gained mutation: You have sharp fingernails. [demonic
                  | ancestry]
   531 | D:1      | Reached XP level 2. HP: 19/19 MP: 5/5
   611 | D:1      | Reached skill level 5 in Necromancy
   973 | D:1      | Found a faded altar of an unknown god.
  1203 | D:2      | Gained mutation: You regenerate magic rapidly. [demonic
                  | ancestry]
  1203 | D:2      | Reached XP level 3. HP: 23/24 MP: 0/6
  1620 | D:2      | Gained mutation: You are partially covered in yellow
                  | scales. (AC +2) [demonic ancestry]
  1620 | D:2      | Reached XP level 4. HP: 30/30 MP: 0/8
  2120 | D:3      | Reached skill level 6 in Necromancy
  2417 | D:3      | Noticed Sigmund
  2451 | D:3      | Killed Sigmund
  2452 | D:3      | Reached skill level 7 in Necromancy
  2452 | D:3      | Reached XP level 5. HP: 16/35 MP: 5/10
  2452 | D:3      | Gained mutation: You are mostly covered in yellow scales.
                  | (AC +3) [demonic ancestry]
  2452 | D:3      | Reached XP level 6. HP: 19/41 MP: 5/11
  2673 | D:3      | Learned a level 2 spell: Sublimation of Blood
  2677 | D:3      | Learned a level 3 spell: Vampiric Draining
  2874 | D:3      | Found Buynyaxa's Vocational Training.
  2980 | D:3      | Noticed Terence
  2991 | D:3      | Killed Terence
  3421 | D:4      | Found an iron altar of Okawaru.
  3700 | D:4      | Noticed Eustachio
  3715 | D:4      | Killed Eustachio
  3716 | D:4      | Reached skill level 8 in Necromancy
  3716 | D:4      | Gained mutation: Your demonic aura sometimes causes spilled
                  | blood to erupt in flames. [demonic ancestry]
  3716 | D:4      | Reached XP level 7. HP: 37/46 MP: 1/13
  4083 | D:5      | Entered Level 5 of the Dungeon
  4087 | D:5      | Noticed Pikel
  4350 | D:4      | Reached skill level 5 in Spellcasting
  4634 | D:4      | Reached skill level 9 in Necromancy
  4885 | D:4      | Reached XP level 8. HP: 36/52 MP: 3/16
  5174 | D:4      | Killed Pikel
  5175 | D:4      | Reached skill level 10 in Necromancy
  5530 | D:5      | Found a runed translucent gate.
  5530 | D:5      | Found a runed translucent gate.
  5530 | D:5      | Found a runed translucent gate.
  5803 | D:5      | Noticed QuickerDeath's ghost (novice HuSu)
  5966 | D:5      | Found Sujewed's Serpentskin Sales.
  6204 | D:6      | Reached skill level 11 in Necromancy
  6295 | D:6      | Gained mutation: Your demonic aura often causes spilled
                  | blood to erupt in flames. [demonic ancestry]
  6295 | D:6      | Reached XP level 9. HP: 57/57 MP: 11/19
  6335 | D:6      | Reached skill level 1 in Armour
  6594 | D:6      | Found a sand-covered staircase.
  6615 | Ossuary  | Entered an ossuary
  7333 | D:6      | Reached skill level 1 in Fighting
  7699 | D:7      | Noticed a kobold demonologist
  7699 | D:7      | Noticed a kobold demonologist
  7812 | D:7      | Noticed a smoke demon
  7860 | D:6      | Noticed a rust devil
  7860 | D:6      | Killed a kobold demonologist
  7927 | D:6      | Killed a kobold demonologist
  7928 | D:6      | Reached skill level 5 in Fighting
  8105 | D:7      | HP: 2/68 [centaur/arrow (4)]
  8110 | D:7      | Shot with an arrow by a centaur

Illustrated notes

Levels and vault maps discovered:
D:1:      ldierk_walled_garden, layout_basic, basic_ecumenical_altar,
          nicolae_kite_square_tiling_tiny
D:2:      minmay_angry_zag, layout_basic, kennysheep_generic_room_7
D:3:      layout_basic, nicolae_shop_vocational, uniq_terence, uniq_sigmund
D:4:      layout_rooms, mainiacjoe_overflow_concentric_impassable,
          roderic_roman_lattice, uniq_eustachio
D:5:      layout_rooms, gammafunk_ghost_split, ebering_dispersal_statue_hall,
          guppyfry_shop_venom, uniq_pikel
D:6:      layout_rooms, enter_ossuary_2, mrwooster_statue_mirror
D:7:      layout_cave_pods, gammafunk_temple_overflow_claw,
          minmay_temple_entry_butterflies

Skill      XL: |  1  2  3  4  5  6  7  8  9 |
---------------+----------------------------+-----
Necromancy     | 5 7 8 9 11 | 11.0
Spellcasting   | 3 4 5 7 |  7.1
Armour         | 3 |  3.0
Dodging        | 3 |  3.0
Fighting       | 5 |  5.5
Stealth        | |  1.7
Evocations     | |  0.2

Action                   |  1- 3 |  4- 6 |  7- 9 || total
-------------------------+-------+-------+-------++-------
Melee: Whip              |    11 |     7 |   210 ||   228
       Dagger            |     3 |       |       ||     3
       Punch             |       |       |     4 ||     4
 Cast: Necrotise         |    52 |   137 |    76 ||   265
       Vampiric Draining |       |     4 |    41 ||    45
       Sublimation of Bl |       |     1 |       ||     1
Evoke: Wand              |       |       |    13 ||    13
  Use: Potion            |       |     2 |     1 ||     3
 Stab: Sleeping          |     4 |       |     1 ||     5
       Distracted        |       |       |     2 ||     2
Armor: Robe              |     6 |    20 |   126 ||   152
Dodge: Dodged            |    14 |    29 |   265 ||   308

Table legend: (Time is in decaauts)
 A = Elapsed time spent in this place.
 B = Non-inter-level travel time spent in this place.
 C = Inter-level travel time spent in this place.
 D = Time resting spent in this place.
 E = Time spent auto-exploring this place.
 F = Levels seen in this place.
 G = Mean time per level.
                   A        B        C        D        E       F      G
               +--------+--------+--------+--------+--------+-----+--------+
         Total |   8141 |   7877 |    264 |   1434 |   5092 |   8 | 1017.6 |
       Dungeon |   7565 |   7301 |    264 |   1235 |   4873 |   7 | 1080.7 |
       Ossuary |    575 |    575 |      0 |    199 |    219 |   1 |  575.0 |
               +--------+--------+--------+--------+--------+-----+--------+

Top non-repeatable levels by time:
     D:4: 2127 daAuts
     D:3: 1434 daAuts
     D:6: 1295 daAuts
     D:1: 1006 daAuts
     D:2: 918 daAuts
 Ossuary: 575 daAuts
     D:5: 537 daAuts
     D:7: 245 daAuts
